[Event "WWRR B-Group 2024"]
[Site "Wachtebeke"]
[Date "2024.02.15"]
[Round "9.5"]
[White "Dreelinck, Adriaan"]
[Black "Ruzhansky, Elias"]
[Result "1-0"]
[ECO "E04"]
[WhiteElo "2205"]
[BlackElo "2133"]
[Annotator "NA RC"]
[PlyCount "95"]
[EventDate "2024.02.12"]
[EventType "tourn"]
[EventCountry "BEL"]
[SourceTitle "playchess.com"]
[Source "ChessBase"]
[SourceQuality "1"]
[TimeControl "40/5400+30:900+30"]

1. d4 d5 2. c4 e6 3. Nf3 Nf6 4. g3 dxc4 5. Bg2 Nc6 6. Qa4 Bb4+ 7. Bd2 Nd5 8. Bxb4 Ndxb4 9. O-O Rb8 10. Nc3 a6 11. Ne5 O-O 12. Nxc6 Nxc6 13. Bxc6 bxc6 14. Qxc4 Rxb2 15. Rab1 Rxb1 16. Rxb1 Qd6 17. Ne4 Qd5 18. Qxd5 cxd5 19. Nc5 f6 20. f4 Kf7 21. Rb8 Ke7 22. Ra8 g5 23. a4 h5 24. h4 gxf4 25. gxf4 a5 26. e3 Kd6 27. Rxa5 e5 28. Ra8 Rg8+ 29. Kf2 exd4 30. exd4 Be6 31. Rxg8 Bxg8 32. a5 Kc6 33. a6 Kb6 34. Nd7+ Kxa6 35. Nxf6 Bf7 36. f5 c5 37. dxc5 Kb5 38. Nd7 Be8 39. f6 d4 40. Kf3 Kc6 41. Ne5+ Kxc5 42. Ke4 d3 43. Nxd3+ Kd6 44. Kf5 Bf7 45. Nf2 Ba2 46. Ne4+ Kd7 47. Kg6 Ke8 48. Kg7 1-0